[Event "12th WLC Weekend 2022"]
[Site "Eindhoven"]
[Date "2022.05.15"]
[Round "6.21"]
[White "Dekker, Marvin"]
[Black "Van Kuijk, Vadim"]
[Result "0-1"]
[ECO "A00"]
[WhiteElo "2014"]
[BlackElo "1898"]
[Annotator "TA"]
[PlyCount "45"]
[EventDate "2022.05.13"]
[EventType "swiss"]
[EventCountry "NED"]
[SourceTitle "playchess.com"]
[Source "ChessBase"]
[SourceQuality "1"]
[TimeControl "5400+30"]

1. Nh3 d5 2. g3 c5 3. Bg2 Nf6 4. O-O Nc6 5. c4 e6 6. cxd5 {[%emt 0:00:05] A00: Irregular Openings.} exd5 7. d3 Be7 8. Bg5 {[%emt 0:00:12] The position is equal.} O-O 9. Nc3 d4 10. Bxf6 Bxf6 11. Ne4 {[%emt 0:01:02] [#]} b6 $146 ({Predecessor:} 11... Be7 12. Rc1 b6 13. Nf4 Bb7 14. Nd5 Rc8 15. e3 Re8 16. Nxe7+ Qxe7 17. Qh5 Nb4 {0-1 (27) Dekker,M (2130)-Ismagambetov,A (2527) Dresden 2008}) 12. Nf4 Bb7 13. Qa4 Rc8 14. b4 cxb4 15. Nxf6+ Qxf6 16. Rfc1 a5 17. Rc2 {[%emt 0:03:40] Rac1 is the strong threat.} (17. a3 {is interesting.} Qe7 18. Nd5 Qxe2 19. Nxb6 Ne5 20. Nxc8 Bxg2 21. Kxg2 Nxd3 22. Rc2) 17... Nd8 {[%emt 0:06:54][%cal Ob6b5,Bc6d8,Bd8b7,Bb7c5][%mdl 32] Hoping for ...b5!} (17... g5 $5 ) 18. Rxc8 Bxc8 19. Rc1 Bb7 {[%emt 0:02:36] [#]} (19... Be6 $11) 20. Bxb7 $1 $16 Nxb7 {[%emt 0:00:18] [#]} 21. Qc6 (21. Rc6 $1 $16 Nc5 22. Qb5) 21... Nc5 $15 22. Qd6 Qe6 $4 (22... Qxd6 $19 23. Rc2 Re8) 23. Qxe6 $4 {[%emt 0:00:30][%mdl 8192] Weighted Error Value: White=0.48/Black=0.25 (precise)} (23. Nxe6 $18 {is the narrow road to win.} Nxe6 24. Qxb6) 0-1

[Event "12th WLC Weekend 2022"]
[Site "Eindhoven"]
[Date "2022.05.15"]
[Round "6.22"]
[White "Bakija, Alan"]
[Black "Auwens, Michel"]
[Result "1/2-1/2"]
[ECO "E69"]
[WhiteElo "1868"]
[BlackElo "1791"]
[Annotator "NA RC COMBH"]
[PlyCount "89"]
[EventDate "2022.05.13"]
[EventType "swiss"]
[EventCountry "NED"]
[SourceTitle "playchess.com"]
[Source "ChessBase"]
[SourceQuality "1"]
[TimeControl "5400+30"]

1. Nf3 Nf6 2. g3 c6 3. Bg2 d6 4. d4 g6 5. c4 Bg7 6. Nc3 Nbd7 7. O-O O-O 8. e4 e5 9. h3 Qc7 10. Be3 Rd8 11. Qc2 Nf8 12. Rad1 exd4 13. Nxd4 Ne6 14. f4 Nh5 15. Kh2 Nxd4 16. Bxd4 f5 17. Bxg7 Nxg7 18. Rfe1 Be6 19. b3 Qf7 20. e5 dxe5 21. Rxe5 Rxd1 22. Qxd1 Qd7 23. Qxd7 Bxd7 24. Ra5 a6 25. Re5 Re8 26. Rxe8+ Nxe8 27. Na4 Kf7 28. Nc5 Bc8 29. h4 Ke7 30. Bf3 Nc7 31. h5 Ne6 32. hxg6 hxg6 33. Nd3 Nd4 34. Ne5 Kf6 35. Bd1 g5 36. Kg2 gxf4 37. gxf4 Ne6 38. Kf3 c5 39. Ke3 b5 40. cxb5 axb5 41. a3 Bb7 42. b4 cxb4 43. axb4 Nc7 44. Bb3 Bd5 45. Bc2 1/2-1/2

[Event "12th WLC Weekend 2022"]
[Site "Eindhoven"]
[Date "2022.05.15"]
[Round "6.23"]
[White "Oskam, Julian"]
[Black "Simons, Rudy"]
[Result "1/2-1/2"]
[ECO "A37"]
[WhiteElo "1627"]
[BlackElo "2046"]
[Annotator "TA"]
[PlyCount "224"]
[EventDate "2022.05.13"]
[EventType "swiss"]
[EventCountry "NED"]
[SourceTitle "playchess.com"]
[Source "ChessBase"]
[SourceQuality "1"]
[TimeControl "5400+30"]

1. c4 c5 2. g3 g6 3. Bg2 Bg7 4. Nf3 Nc6 5. Nc3 e6 6. O-O Nge7 7. d3 d5 8. cxd5 exd5 9. Bf4 a6 {[%emt 0:00:22] A37: Symmetrical English vs ...g6: 4 Bg2 Bg7 5 Nf3.} (9... O-O $11 {remains equal.}) 10. Qc1 (10. Na4 $16) 10... O-O $11 11. Bh6 {[%emt 0:00:37] [#]} Nf5 $146 (11... d4 $11 12. Ne4 b6) ({Predecessor:} 11... b6 12. Bxg7 Kxg7 13. Qf4 f6 14. Rad1 Be6 15. b3 d4 16. Na4 Nd5 17. Qc1 Rc8 {1-0 (80) Oergel,U (1732)-Peleikis,H (1923) Binz 2014}) 12. Bxg7 $14 Kxg7 13. e3 (13. Na4 {looks sharper.} Nfd4 14. Nxd4 Nxd4 15. Qc3) 13... b6 14. Ne2 Bb7 15. d4 c4 16. b3 cxb3 17. axb3 Rc8 18. Qb2 a5 19. Bh3 Qf6 $1 20. Ne5 Rfd8 {[%emt 0:01:06] Against Nd7} 21. Nxc6 (21. Rac1 {feels hotter.} Nb4 22. Nf4 Kg8 23. Rfe1) 21... Rxc6 22. Rfc1 (22. Nf4 $16) 22... g5 23. Qb1 ({White should play} 23. b4 $16) 23... Rxc1+ $11 24. Nxc1 Nd6 25. Nd3 Bc8 26. Bxc8 Rxc8 27. Qb2 (27. b4 $11) 27... Qf5 $1 $17 28. Ne1 {[%emt 0:07:42] [#]} Ne4 (28... g4 $1 $17 {aiming for ...Ne4.} 29. Rc1 Rxc1 30. Qxc1 b5) 29. Kg2 $2 ({White must play} 29. f3 $15 Nf6 30. g4) 29... g4 $19 30. Rb1 $2 {[%emt 0:08:35] [#]} (30. Kg1 h5 31. Rd1) 30... Nxf2 $1 31. Rc1 {[%emt 0:05:54] Strongly threatening Rxc8.} (31. e4 Nxe4) 31... Rxc1 ({Inferior is} 31... Nd3 32. Nxd3 Qf3+ 33. Kg1 Qxe3+ 34. Kg2 (34. Kh1 $2 Qxd3 35. h4 Qf3+ 36. Kh2 Re8 $19) 34... Qf3+ 35. Kg1 Qxd3 36. Rxc8 $11) (31... Nh3 $142 {( -> ...Rxc1)} 32. Rc2 {[#]} Rc6 $3 33. Rxc6 Qe4+ 34. Kf1 Qh1+ 35. Ke2 Qxh2+ 36. Kf1 Qg1+ 37. Ke2 Qf2+ 38. Kd1 Qxb2) 32. Qxc1 {[%emt 0:00:01][%mdl 4096] Endgame KQN-KQN} Nh3 33. Qc2 {[%emt 0:01:26] Inhibits Qf2+.} Qxc2+ 34. Nxc2 {[%emt 0:00:13] KN-KN} Ng5 35. Na3 Kf6 36. Nb5 Ne6 {[%emt 0:01:02] Inhibits Nc7.} 37. Nd6 $2 (37. Nc3 Nc7 38. Kf2) 37... Nc7 38. h3 h5 39. hxg4 hxg4 40. e4 dxe4 41. Nxe4+ (41. Kf2 $142 Nd5 42. Nxe4+ Ke7 43. Ke2) 41... Kf5 42. Nd2 b5 43. Kf2 a4 44. bxa4 bxa4 45. Ke3 a3 46. Nb3 Nd5+ 47. Kd3 Nb6 (47... a2 $142 48. Kc4 Nf6) 48. Na1 Ke6 (48... a2 $142 49. Nb3 Nd5) 49. Nc2 a2 {[%emt 0:00:15] And now ...Nd5 would win.} 50. Kc3 Nd5+ 51. Kb2 Kf5 52. Kxa2 Ke4 53. Kb3 Kd3 54. Kb2 Kc4 $2 (54... f5 55. Ne1+ Kxd4) 55. Kc1 f5 $2 (55... Kc3 $19 {Threatens to win with ...f5.} 56. Kd1 Kd3) 56. Kd2 $11 {[%emt 0:00:58] The position is equal.} Ne7 57. Ke3 Kc3 58. Ne1 Nd5+ 59. Kf2 Kxd4 60. Nc2+ Ke4 61. Ke2 $1 Nc3+ 62. Kf2 Kd3 63. Ne1+ Kd2 64. Nf3+ $1 Kd3 65. Ne1+ $1 Ke4 66. Nc2 Nd1+ 67. Ke2 Nb2 68. Kf2 Nc4 69. Ke2 Ne5 70. Ne1 Nd7 71. Nc2 Nf6 72. Kf2 Nh5 73. Ne1 Kd4 74. Nc2+ Kd3 75. Ne1+ Kd2 76. Ng2 Nf6 77. Nh4 Ne4+ 78. Kg2 Nd6 79. Kf2 Kd3 80. Ng6 Ne4+ 81. Kg2 Ke3 82. Nh4 Nd6 83. Ng6 Nb5 84. Nh4 Nd4 85. Ng6 Nf3 86. Ne7 Ke4 87. Kf2 Ne5 88. Ng8 Nd7 89. Ne7 Nf6 90. Nc6 Nd5 91. Na5 Nb4 92. Nb3 Nd3+ 93. Ke2 Ne5 94. Nd2+ Kd4 95. Nb3+ Kc4 96. Nd2+ Kc3 97. Nb1+ Kd4 98. Na3 Ke4 99. Nc2 Nc4 100. Kf2 Kd3 101. Ne1+ Kd2 102. Ng2 {[%emt 0:00:08] Prevents Ne3.} Nd6 {[%emt 0:00:27] Hoping for ...Ne4+.} 103. Nh4 Kd3 104. Ng6 Ne4+ 105. Kg2 Ke3 106. Ne7 Nd6 107. Nd5+ Ke4 108. Ne7 f4 109. gxf4 $1 Kxf4 110. Nd5+ Kg5 111. Ne3 Kf4 112. Nxg4 Kxg4 {[%emt 0:00:01] White happily takes the draw.  Weighted Error Value: White=1.22/Black=0.64} 1/2-1/2

[Event "12th WLC Weekend 2022"]
[Site "Eindhoven"]
[Date "2022.05.15"]
[Round "6.24"]
[White "Winkels, Marcel"]
[Black "Grooten, Tommy"]
[Result "1/2-1/2"]
[ECO "B84"]
[WhiteElo "1965"]
[BlackElo "1847"]
[Annotator "TA"]
[PlyCount "139"]
[EventDate "2022.05.13"]
[EventType "swiss"]
[EventCountry "NED"]
[SourceTitle "playchess.com"]
[Source "ChessBase"]
[SourceQuality "1"]
[TimeControl "5400+30"]

1. e4 c5 2. Nf3 e6 3. d4 cxd4 4. Nxd4 Nf6 5. Nc3 d6 6. Be2 a6 7. O-O b5 8. a3 Bb7 9. Bf3 {[%emt 0:00:55][%cal Oe4e5] aiming for e5! B84: Sicilian Scheveningen: 6 Be2 a6, lines without early Be3.} Nbd7 10. Re1 Ne5 11. Bf4 {[%emt 0:02:21] Black has an edge.} Be7 12. Bxe5 dxe5 13. Nb3 Qc7 14. Qe2 O-O {[%emt 0:00:27] [#]} 15. Red1 $146 ({Predecessor:} 15. Na2 Rac8 16. c3 Rfd8 17. Red1 h6 18. Nb4 Nh7 19. Rxd8+ Bxd8 20. Rd1 Ng5 21. Nd2 {0-1 (31) Kapolkova,G (1567)-Zetocha,C (2303) Slovakia 2020}) 15... Rfd8 16. h3 Rac8 17. Rxd8+ Rxd8 18. Rd1 Nd7 19. Nc1 h6 20. g3 Nb6 (20... Rc8 $17) 21. Rxd8+ $15 Qxd8 22. Qd1 Qc7 {[%emt 0:00:13] Threatens to win with ...Nc4.} 23. Be2 (23. Nb1 $15) 23... Bc6 (23... f5 $17 24. Bf3 Nc4 25. exf5 Nxb2) 24. Bd3 Nd7 ({Better is} 24... Nc4 $1 $17 25. Bxc4 bxc4) 25. Nb3 Bd8 26. Qe2 Qa7 27. Nd1 Nf6 28. Nd2 Ba5 29. b4 Bb6 30. c4 Qd7 (30... Bd4 $11) 31. cxb5 (31. c5 $14 Bc7 32. Bc2) 31... axb5 32. Nc3 $2 {[%emt 0:04:00] [#]} (32. Kg2 $15) 32... Qd4 $2 (32... Bxf2+ $1 $19 33. Kxf2 Qd4+ 34. Qe3 Qxc3) 33. Ndb1 g6 34. Bxb5 Bxe4 35. Qd2 (35. Nxe4 $2 Nxe4 36. Kg2 Nxf2 $19) 35... Bxb1 {[%emt 0:01:48] A strong pair of Bishops.} 36. Qxd4 exd4 (36... Bxd4 $11 37. Nxb1 Kf8) 37. Nxb1 {[%emt 0:00:09][%mdl 4096] Endgame KBN-KBN} Nd5 38. Bc4 Nc7 (38... Nc3 $14 39. Nxc3 dxc3) 39. a4 $16 {[%emt 0:00:25][%cal Ba3a4,Ba4a5][%mdl 32] Hoping for a5.} Kf8 (39... Ne8 $16 {might work better.} 40. a5 Bd8) 40. a5 $18 Ba7 41. b5 {[%emt 0:00:37] b6 is the strong threat.} Na8 42. Nd2 Ke7 43. b6 Bxb6 44. axb6 Nxb6 45. Ba2 e5 46. Kf1 (46. f4 $142) 46... f5 $16 47. f3 Kf6 48. Ke2 Na4 {[%emt 0:00:40] White must now prevent ...Nc3+.} 49. Kd3 ({White should play} 49. Bb3 $1 $16 Nc5 50. Bd5) 49... Nc3 (49... Nc5+ $14 50. Kc4 Na4) 50. Bg8 (50. Bb3 $1 $16) 50... Nd1 $1 $11 51. h4 g5 52. h5 Nc3 (52... g4 $11 {remains equal.}) 53. Bh7 (53. g4 $1 $16) 53... Ke6 $2 (53... Nd1 $1 $11) 54. Nb3 $2 (54. g4 $18) 54... Kf6 {[%emt 0:03:00] [#]} (54... Nd1 $1 $14) 55. Na5 $2 (55. g4 $1 $18) 55... e4+ {[%emt 0:01:43] The position is equal.} 56. fxe4 Nxe4 57. Nc6 (57. Kxd4 Nxg3 58. Bg6 Ne2+ 59. Ke3 Nf4) 57... Nxg3 58. Bg6 g4 59. Nxd4 f4 60. Ne2 Nxe2 61. Kxe2 {[%emt 0:00:07] KB-K3P} Kg5 62. Kf2 Kh4 63. Kg2 f3+ 64. Kf2 g3+ 65. Kxf3 Kh3 66. Be4 (66. Bf5+ Kh2 67. Bg6 g2 $19) 66... Kh4 (66... Kh2 {leads to mate.} 67. Kg4 Kg1 68. Kxg3 Kf1 69. Kf4 Ke2 70. Kf5 Kd2 71. Kg6) (66... g2 $5 67. Kf2 Kh2 68. Bxg2 $11) 67. Bg6 Kh3 68. Be4 ({Don't blunder} 68. Bf5+ $2 Kh2 69. Bg6 g2 $19) 68... Kh4 (68... Kh2 {gets mated.} 69. Kg4 Kg1 70. Kxg3 Kf1 71. Kf4 Ke2 72. Kf5 Ke3 {[#]} 73. Kg6 $1 Kxe4 74. Kxh6) (68... g2 $5 69. Kf2 Kh2 70. Bxg2 $11) 69. Kg2 Kxh5 70. Kxg3 {[%emt 0:00:27] Weighted Error Value: White=0.41/Black=0.42} 1/2-1/2

[Event "12th WLC Weekend 2022"]
[Site "Eindhoven"]
[Date "2022.05.15"]
[Round "6.25"]
[White "Broekhuis, Jan"]
[Black "Krueger, Andre"]
[Result "0-1"]
[ECO "B22"]
[WhiteElo "1845"]
[BlackElo "1970"]
[Annotator "TA"]
[PlyCount "50"]
[EventDate "2022.05.13"]
[EventType "swiss"]
[EventCountry "NED"]
[SourceTitle "playchess.com"]
[Source "ChessBase"]
[SourceQuality "1"]
[TimeControl "5400+30"]

1. e4 c5 2. Nf3 e6 3. c3 Nf6 4. e5 Nd5 5. d4 cxd4 6. cxd4 d6 7. Bb5+ {[%emt 0:05:20] B22: Sicilian: 2 c3.} Bd7 8. Bxd7+ Nxd7 9. O-O {[%emt 0:00:47] The position is equal.} Qc7 {[%emt 0:01:14][%cal Rd6e5] Inhibits Nc3.} 10. Bd2 Be7 11. Re1 O-O 12. Nc3 Nxc3 13. Bxc3 dxe5 14. Nxe5 Nf6 15. Rc1 {[%emt 0:02:02][%cal Oc3b4] [#]} Rfc8 $146 ({Predecessor:} 15... Qb6 16. Qa4 Rfd8 17. Red1 Qd6 18. Qb5 Qd5 19. Qa4 b5 20. Qa5 Bd6 21. Bb4 Bxe5 22. dxe5 Qxd1+ 23. Rxd1 Rxd1+ {0-1 (31) Kruzitis,R-Van Kampen,R (2475) Mureck 2005}) 16. Qe2 Bd6 17. Bd2 Qd8 18. Rxc8 Rxc8 19. Bg5 Be7 20. h3 Qd5 21. b3 a6 ({Much less strong is} 21... Qxd4 22. Nxf7 $1 Qe4 23. Qxe4 $14) 22. Nf3 Bb4 23. Rd1 Ne4 {[%emt 0:00:21] Black is more active.} 24. Bd2 {[%emt 0:06:49][%mdl 8192] [#]} (24. Rc1 $15 Rxc1+ 25. Bxc1) 24... Bxd2 $1 $19 25. Nxd2 (25. Rxd2 $142 Nxd2 26. Qxd2) 25... Nc3 {[%emt 0:01:01] Weighted Error Value: White=0.71/Black=0.07 (flawless)} 0-1

[Event "12th WLC Weekend 2022"]
[Site "Eindhoven"]
[Date "2022.05.15"]
[Round "6.26"]
[White "Geboers, Jimmy"]
[Black "Blijlevens, Pim"]
[Result "1-0"]
[ECO "A96"]
[WhiteElo "1845"]
[BlackElo "1958"]
[Annotator "TA"]
[PlyCount "79"]
[EventDate "2022.05.13"]
[EventType "swiss"]
[EventCountry "NED"]
[SourceTitle "playchess.com"]
[Source "ChessBase"]
[SourceQuality "1"]
[TimeControl "5400+30"]

1. d4 e6 2. c4 f5 3. g3 Nf6 4. Bg2 Be7 5. Nc3 O-O 6. Nf3 d6 7. O-O Ne4 8. Qc2 Nxc3 9. Qxc3 Bf6 10. b3 {[%emt 0:00:34] A96: Classical Dutch: Fluid Systems: Early deviations.} Nc6 11. Bb2 e5 12. dxe5 {[%emt 0:00:26] The position is equal.} dxe5 13. Rad1 Qe7 {[%emt 0:02:34] [#] ...e4 is the strong threat.} 14. e4 $146 ({Predecessor:} 14. Qe3 Bd7 15. Rd5 Rae8 16. Rfd1 Bc8 17. Qc1 e4 18. Bxf6 Qxf6 19. Nd4 Ne7 20. Ra5 {0-1 (29) Plischki,S (2413)-Vybiral,Z (2269) Prague 2018}) 14... fxe4 15. Nd2 Bg4 16. Rde1 Nd4 17. Kh1 Be2 18. Rg1 Bg5 (18... Rad8 $11 {keeps the balance.}) 19. Nxe4 $16 {[%emt 0:06:03] And now Qa5 would win.} Bf3 {[%emt 0:01:28] [#]} 20. Nxg5 (20. Qa5 $1 $16 Bxg2+ 21. Kxg2) 20... Qxg5 $11 21. Qe3 Qf6 22. Qxe5 Bxg2+ 23. Rxg2 Qxe5 24. Rxe5 Nf3 {[%emt 0:00:20] Hoping for ...Rad8.} 25. Re7 $36 {[%emt 0:00:06][%csl LRc7,LRg7][%mdl 2048] White is pushing.} Rf7 (25... Rfe8 $5 26. Rxg7+ Kf8 $11) 26. Rxf7 Kxf7 $14 {[%emt 0:00:06][%mdl 4096] Endgame KRB-KRN} 27. g4 $1 Rd8 {[%emt 0:01:39] ( -> ...Rd1+)} 28. Rg3 Nh4 {[%emt 0:01:54] [#]} (28... Rd1+ $1 $14 {is more appropriate.} 29. Kg2 Ne1+ 30. Kh3 Nd3 31. Rf3+ Kg8) 29. Bc3 (29. Bc1 $1 $16) 29... Rd7 30. h3 Rd1+ 31. Kh2 Rc1 {[%emt 0:00:54] A mistake that costs the game.} ({Better is} 31... g5 $1 $14) 32. Rd3 $18 Ng6 33. Kg3 Nf8 $2 (33... b6 $16 {keeps fighting.} 34. f4 c5) 34. Bb4 {[%emt 0:00:31] Strongly threatening Rf3+.} Ne6 35. Rd7+ Kf6 36. f4 {[%emt 0:01:28] aiming for Be7+.} c5 37. g5+ Kf5 $2 (37... Kg6) 38. Rd5+ {[%emt 0:00:30] White is clearly winning.} Ke4 39. Re5+ Kd4 40. Bd2 {[%emt 0:02:27] Weighted Error Value: White=0.18 (very precise) /Black=0.32} 1-0

[Event "12th WLC Weekend 2022"]
[Site "Eindhoven"]
[Date "2022.05.15"]
[Round "6.27"]
[White "Verweij, David"]
[Black "Molenaar, Toine"]
[Result "1-0"]
[ECO "C58"]
[WhiteElo "1728"]
[BlackElo "1823"]
[Annotator "NA RC COMBH"]
[PlyCount "129"]
[EventDate "2022.05.13"]
[EventType "swiss"]
[EventCountry "NED"]
[SourceTitle "playchess.com"]
[Source "ChessBase"]
[SourceQuality "1"]
[TimeControl "5400+30"]

1. e4 e5 2. Nf3 Nc6 3. Bc4 Nf6 4. Ng5 d5 5. exd5 Na5 6. Bb5+ c6 7. dxc6 bxc6 8. Qf3 Be7 9. d3 Bd7 10. Ba4 O-O 11. Nc3 Ng4 12. h4 f6 13. Nh3 Qb6 14. a3 Kh8 15. b4 Nb7 16. Rb1 Nd6 17. Bd2 f5 18. g3 Bf6 19. O-O Rae8 20. Nd5 Qa6 21. Nxf6 Nxf6 22. Bb3 Nb5 23. Bc4 Qc8 24. Ra1 h6 25. Ng5 Nd4 26. Qg2 Nd5 27. Nf3 Ne2+ 28. Kh2 f4 29. Rae1 Nd4 30. Nxd4 exd4 31. Bxd5 fxg3+ 32. fxg3 cxd5 33. Bf4 Qc6 34. Kg1 Re6 35. Qf2 Ref6 36. Qxd4 Qxc2 37. Rf2 Qc6 38. Ref1 Bh3 39. Rc1 Qe6 40. Kh2 Bf5 41. Rg1 Qa6 42. Be5 R6f7 43. Rgf1 Qg6 44. g4 Be6 45. Rxf7 Rxf7 46. h5 Qg5 47. Rxf7 Bxf7 48. Kg3 Be6 49. b5 Kh7 50. Qf4 Qxf4+ 51. Kxf4 g6 52. hxg6+ Kxg6 53. Bb8 Bd7 54. a4 a6 55. bxa6 Bxa4 56. d4 Kf6 57. Bd6 Kf7 58. Ke5 Bc6 59. Bc7 Ke7 60. Ba5 Bd7 61. Bd2 Kd8 62. Bxh6 Kc7 63. g5 Be8 64. Kf6 Kb6 65. g6 1-0

[Event "12th WLC Weekend 2022"]
[Site "Eindhoven"]
[Date "2022.05.15"]
[Round "6.28"]
[White "Plasmans, Bart"]
[Black "Lind, Jacco"]
[Result "1-0"]
[ECO "C50"]
[WhiteElo "1775"]
[BlackElo "1801"]
[Annotator "NA RC COMBH"]
[PlyCount "47"]
[EventDate "2022.05.13"]
[EventType "swiss"]
[EventCountry "NED"]
[SourceTitle "playchess.com"]
[Source "ChessBase"]
[SourceQuality "1"]
[TimeControl "5400+30"]

1. e4 e5 2. Nf3 Nc6 3. Bc4 Bc5 4. O-O Nf6 5. d4 Bxd4 6. Nxd4 Nxd4 7. f4 d6 8. c3 Ne6 9. fxe5 dxe5 10. Qb3 Nxe4 11. Bxe6 Bxe6 12. Qa4+ c6 13. Qxe4 f6 14. b3 Qd7 15. Be3 Bd5 16. Qc2 Qg4 17. Qf2 h5 18. h3 Qg6 19. Nd2 f5 20. c4 Be6 21. Qh4 O-O 22. Nf3 Bf7 23. Nxe5 Qe6 24. Bf4 1-0

[Event "12th WLC Weekend 2022"]
[Site "Eindhoven"]
[Date "2022.05.15"]
[Round "6.29"]
[White "Krenning, Jasper"]
[Black "Kurt, Sascha"]
[Result "0-1"]
[ECO "E61"]
[WhiteElo "1736"]
[BlackElo "1751"]
[Annotator "NA RC COMBH"]
[PlyCount "96"]
[EventDate "2022.05.13"]
[EventType "swiss"]
[EventCountry "NED"]
[SourceTitle "playchess.com"]
[Source "ChessBase"]
[SourceQuality "1"]
[TimeControl "5400+30"]

1. d4 Nf6 2. c4 g6 3. Nc3 Bg7 4. e3 d6 5. Bd3 O-O 6. h4 h5 7. Nge2 e5 8. d5 Na6 9. Bb1 Ne8 10. a3 f5 11. e4 f4 12. f3 Bf6 13. Qc2 Bxh4+ 14. Kf1 g5 15. Bd2 Qf6 16. Be1 Bxe1 17. Kxe1 Qg6 18. Kd2 Kf7 19. Ba2 Nf6 20. b4 Bd7 21. Rad1 h4 22. Nb5 Ke7 23. Kc1 Rh8 24. Kb2 g4 25. Qd3 b6 26. Nxf4 exf4 27. e5 Qxd3 28. exf6+ Kxf6 29. Rxd3 g3 30. Rd4 Kg5 31. Nc3 Bf5 32. Bb1 Bxb1 33. Kxb1 Rae8 34. Ne4+ Kf5 35. Kc2 Reg8 36. Nc3 Rf8 37. Ne2 Kg5 38. Re4 Re8 39. Nc3 Rxe4 40. Nxe4+ Kf5 41. Kd3 h3 42. gxh3 Nb8 43. h4 Nd7 44. h5 Ne5+ 45. Ke2 Nxc4 46. a4 g2 47. Rg1 Ne3 48. Nc3 Rxh5 0-1